 Dungeon Crawl Stone Soup version 0.21.0-24-g2553a3340b (webtiles) character file.

679 GuyWithAPlan the Protected (level 7, -8/52 HPs)
             Began as a Barachi Fighter on Jan 19, 2018.
             Was an Initiate of Ashenzari.
             Mangled by an ogre
             ... wielding a +0 giant club
              (19 damage)
             ... on level 4 of the Dungeon.
             The game lasted 00:14:06 (4196 turns).

GuyWithAPlan the Protected (Barachi Fighter)        Turns: 4196, Time: 00:14:06

Health: -8/52      AC: 11    Str: 17    XL:     7   Next: 60%
Magic:  0/7        EV:  7    Int: 13    God:    Ashenzari [......]
Gold:   172        SH:  9    Dex: 13    Spells: 6/6 levels left

rFire    . . .     SeeInvis .   B - +0 falchion (protect)
rCold    . . .     Gourm    .   c - +0 shield
rNeg     . . .     Faith    .   e - +0 scale mail (curse)
rPois    +         Spirit   +   C - +0 helmet
rElec    .         Reflect  .   k - scarf {Spirit}
rCorr    .         Harm     .   p - +0 pair of gloves
MR       .....                  (no boots)
Stlth    ..........             (no amulet)
HPRegen  0.17/turn              j - ring of poison resistance
MPRegen  0.10/turn              w - +4 ring of intelligence

@: slow
A: +LOS, swims, slowness 1, strong legs 1
a: Hop, Curse Item, Renounce Religion


You were on level 4 of the Dungeon.
You worshipped Ashenzari.
Ashenzari was noncommittal.
You were very hungry.

You visited 1 branch of the dungeon, and saw 4 of its levels.
You also visited: Sewer.

You collected 172 gold pieces.

Inventory:

Hand Weapons
 a - a +0 long sword
 i - a +1 whip of venom
 v - a +2 hand axe of pain
 B - a +0 falchion of protection (weapon)
Armour
 b - a +0 scale mail
 c - a +0 shield (worn)
 e - a cursed +0 scale mail (worn)
 g - a +0 plate armour
 k - a scarf of spirit shield (worn)
 p - a +0 pair of gloves (worn)
 C - a +0 helmet (worn)
Jewellery
 j - a ring of poison resistance (left hand)
 s - an uncursed ring of fire
 w - a +4 ring of intelligence (right hand)
Wands
 x - a wand of polymorph (5)
 F - a wand of digging (8)
Scrolls
 h - 4 scrolls of teleportation
 n - a scroll of blinking {unknown}
 o - a scroll of fear {unknown}
 q - 3 scrolls of identify
 r - 4 scrolls of immolation {unknown}
 t - 2 scrolls of remove curse
 u - a scroll of noise {unknown}
 y - a scroll of enchant armour {unknown}
Potions
 d - 4 potions of might
 l - 2 potions of berserk rage
 m - 4 potions of heal wounds
 z - a potion of brilliance {unknown}
 A - 7 potions of curing
 D - a potion of agility {unknown}
 E - a potion of flight {unknown}
Comestibles
 f - 10 rations


   Skills:
 - Level 3.6 Fighting
 + Level 3.5 Long Blades
 - Level 10.0 Armour
 - Level 3.2 Shields


You had 6 spell levels left.
You didn't know any spells.

Dungeon Overview and Level Annotations

Branches:
Dungeon (4/15)
 Temple: D:4-7

Altars:
Ashenzari
Dithmenos
Trog
Xom

Shops:
D:4 =

Annotations:
D:4 Blork the orc; SnubMonkey's ghost, amateur DrFE


Innate Abilities, Weirdness & Mutations

Shadows flee at your approach. (+LOS)
You can swim through water.
You cover ground slowly.
You can hop short distances.


Message History

You hit the ogre.
The ogre is lightly wounded.
The ogre hits you with a giant club!
You hit the ogre.
The ogre is moderately wounded.
You hit the ogre.
The ogre is moderately wounded.
The ogre hits you with a giant club!
You hit the ogre.
The ogre is heavily wounded.
The ogre hits you with a giant club.
* * * LOW HITPOINT WARNING * * *
Unknown command.
The ogre hits you with a giant club!
* * * LOW HITPOINT WARNING * * *
You see here 23 bolts.
You block the ogre's attack.
There is a stone staircase leading down here.
The ogre hits you with a giant club!!
You die...

#.###.#.# #.##...≈≈≈≈
#####.#.....# #.###..#...
#.........### #.# ##.....
#.###.#.### #.# ####.# #
##.###.#.# #.#######.#
#.##......#.# #.........#
#.........<.#############.####
#.##..##..........## #.#
#.##..#####.#@#....######.####
#.##..# #.#O..#.............
#.##..# #.##S##.#####...S...
#.##..#####.##.##...>.#.#.###.
#.##........##>##..##.#.#.###.
#....#####..##.###8##.#.#.....
#.#### #...........[(.#####.
#.########..##..8.∩.8.### ##
#...........##.###.##.########


You could see an ogre and an adder.

Vanquished Creatures
  Grinder (D:3)
  Sigmund (D:2)
  A scorpion (D:4)
  Ijyb (D:3)
  7 adders
  5 river rats (Sewer)
  3 oozes
  7 worms
  A dart slug (D:3)
  2 leopard geckos
  6 orcs
  2 giant cockroaches
  5 goblins
  5 hobgoblins
  5 jackals
  3 quokkas (D:2)
  6 ball pythons (Sewer)
  A ball python skeleton (D:4)
  7 bats
  6 frilled lizards
  23 kobolds
  A quokka skeleton (D:4)
  31 rats
130 creatures vanquished.

Notes
Turn   | Place    | Note
-------+----------+-------------------------------------------
     0 | D:1      | GuyWithAPlan the Barachi Fighter began the quest for the Orb.
     0 | D:1      | Reached XP level 1. HP: 18/18 MP: 1/1
   294 | D:1      | Reached skill level 4 in Armour
   332 | D:1      | Reached XP level 2. HP: 24/24 MP: 2/2
   700 | D:2      | Reached skill level 5 in Armour
   700 | D:2      | Reached XP level 3. HP: 21/29 MP: 3/3
   868 | D:2      | Noticed Sigmund
   878 | D:2      | Killed Sigmund
   878 | D:2      | Reached skill level 7 in Armour
   878 | D:2      | Reached XP level 4. HP: 21/36 MP: 4/4
   878 | D:2      | Reached XP level 5. HP: 24/41 MP: 5/5
  1497 | D:3      | Found a shimmering altar of Xom.
  1560 | D:3      | Noticed Grinder
  1573 | D:3      | Paralysed by Grinder for 2 turns
  1578 | D:3      | Killed Grinder
  1578 | D:3      | Reached skill level 9 in Armour
  1578 | D:3      | Reached XP level 6. HP: 30/47 MP: 3/6
  1841 | D:3      | Noticed Ijyb
  1862 | D:3      | Killed Ijyb
  1862 | D:3      | Reached XP level 7. HP: 52/52 MP: 7/7
  1969 | D:3      | Found a shattered altar of Ashenzari.
  1984 | D:3      | Found a shadowy altar of Dithmenos.
  2025 | D:3      | Became a worshipper of Ashenzari the Shackled
  2319 | D:3      | Noticed a moth of wrath
  2321 | D:3      | Found a bloodstained altar of Trog.
  2561 | D:4      | Found a glowing drain.
  2615 | Sewer    | Entered a sewer
  3332 | Sewer    | Reached skill level 10 in Armour
  3581 | D:4      | Noticed SnubMonkey's ghost (amateur DrFE)
  3589 | D:4      | Noticed Blork the orc
  3715 | D:4      | Found Efach's Jewellery Boutique.
  4196 | D:4      | Mangled by an ogre

Skill      XL: |  1  2  3  4  5  6  7 |
---------------+----------------------+-----
Armour         | 4 5 7 9 10 | 10.0
Long Blades    | 3 |  3.5
Fighting       | |  3.6
Shields        | |  3.2

Action                   |  1- 3 |  4- 6 |  7- 9 || total
-------------------------+-------+-------+-------++-------
Melee: Whip              |    86 |    69 |    67 ||   222
       Long sword        |     5 |       |       ||     5
       Hand axe          |       |    20 |     4 ||    24
       Falchion          |       |       |   274 ||   274
  Use: Scroll            |       |       |     4 ||     4
       Potion            |       |       |     1 ||     1
  Eat: Chunk             |       |     3 |     9 ||    12
Armor: Scale mail        |    30 |    21 |   246 ||   297
       Skin              |       |    12 |       ||    12
Dodge: Dodged            |    17 |    25 |   145 ||   187
Block: Shield            |    42 |    38 |   225 ||   305
       Rpst.: Long sword |     1 |       |       ||     1
       Falchion          |       |       |    42 ||    42
